BR (22 & UNDER)
AMITY GARDENS WESTERNERS @ PALMYRA OVERLORDS
08/27/2028
 
TOP OF THE 1ST
Amity Gardens Westerners batting - Pitching for Palmyra Overlords : LHP José López
Pitching: LHP José López
Batting: RHB Manny Olhoa 0-0: Ball
1-0: Called Strike
1-1: Called Strike
1-2: Foul Ball, location: 2F
1-2: Ball
2-2: Foul Ball, location: 2F
2-2: Ball
3-2: Foul Ball, location: 2F
3-2: Foul Ball, location: 2F
3-2: Foul Ball, location: 2F
3-2: Foul Ball, location: 2F
3-2: Base on Balls
Batting: RHB Gustavo Todd 0-0: Called Strike
0-1: Ball
1-1: Ball
2-1: Ball
3-1: Grounds into double play, 6-4-3 (Groundball, 6M)
Batting: SHB Chris Barrett 0-0: Called Strike
0-1: Foul Ball, location: 2F
0-2: Ball
1-2: Ball
2-2: Ball
3-2: Base on Balls
Batting: RHB Justin Tomlinson 0-0: Ball
1-0: Called Strike
1-1: DOUBLE (Line Drive, 7LM)
Chris Barrett to third
Runner from 3rd tries for Home, throw and OUT!
Top of the 1st over - 0 run(s), 1 hit(s), 0 error(s), 1 left on base; Amity Gardens 0 - Palmyra 0
BOTTOM OF THE 1ST
Palmyra Overlords batting - Pitching for Amity Gardens Westerners : RHP James Mantle
Pitching: RHP James Mantle
Batting: RHB Mason Melton 0-0: Called Strike
0-1: Ball
1-1: Foul Ball, location: 2F
1-2: Strikes out looking
Batting: LHB Mauro López 0-0: Foul Ball, location: 2F
0-1: Called Strike
0-2: Ball
1-2: Ball
2-2: Foul Ball, location: 2F
2-2: Strikes out swinging, 2-3 out at first.
Batting: RHB David Gómez 0-0: Ball
1-0: Called Strike
1-1: Ball
2-1: Ball
3-1: SINGLE (Line Drive, 78M)
Batting: RHB José Acuña 0-0: Fielders Choice at 2nd, 6-4 (Groundball, 6)
Bottom of the 1st over - 0 run(s), 1 hit(s), 0 error(s), 0 left on base; Amity Gardens 0 - Palmyra 0
TOP OF THE 2ND
Amity Gardens Westerners batting - Pitching for Palmyra Overlords : LHP José López
Batting: RHB Luis López 0-0: Ground out 5-3 (Groundball, 56)
Batting: RHB Xavier Silva 0-0: Called Strike
0-1: Foul Ball, location: 2F
0-2: Foul Ball, location: 2F
0-2: Strikes out swinging
Batting: RHB Tomás Rivera 0-0: Ball
1-0: Called Strike
1-1: Foul Ball, location: 2F
1-2: Strikes out swinging
Top of the 2nd over - 0 run(s), 0 hit(s), 0 error(s), 0 left on base; Amity Gardens 0 - Palmyra 0
BOTTOM OF THE 2ND
Palmyra Overlords batting - Pitching for Amity Gardens Westerners : RHP James Mantle
Batting: LHB Jerry Tolbert 0-0: Ball
1-0: Foul Ball, location: 2F
1-1: Ground out 6-3 (Groundball, 6S)
Batting: LHB Ernesto Rivera 0-0: Ball
1-0: Reached via error on a dropped throw, E1
Batting: RHB José Gonzáles 0-0: Ball
1-0: Foul Ball, location: 2F
1-1: Ball
2-1: Foul Ball, location: 2F
2-2: Fly out, F7 (Flyball, 7S)
Batting: LHB Jaime Flores 0-0: Ball
1-0: Called Strike
1-1: Ball
2-1: Swinging Strike
2-2: Ball
3-2: SINGLE (Groundball, 4MD)
Ernesto Rivera to second
Ernesto Rivera to third
Batting: RHB Marius Letizi 0-0: Called Strike
0-1: Called Strike
0-2: Ball
1-2: Foul Ball, location: 2F
1-2: Strikes out swinging
Bottom of the 2nd over - 0 run(s), 1 hit(s), 1 error(s), 2 left on base; Amity Gardens 0 - Palmyra 0
TOP OF THE 3RD
Amity Gardens Westerners batting - Pitching for Palmyra Overlords : LHP José López
Batting: RHB Jonathon García 0-0: Ball
1-0: Ball
2-0: Foul Ball, location: 2F
2-1: Foul Ball, location: 2F
2-2: SINGLE (Groundball, 34D)
Batting: RHB Carlos Dumenigo 0-0: Ball
1-0: Ball
2-0: Ball
3-0: Base on Balls
Jonathon García to second
Batting: RHB Manny Olhoa 0-0: Swinging Strike
0-1: Ball
1-1: Fly out, F6 (Line Drive, 56)
Batting: RHB Gustavo Todd 0-0: Ball
1-0: Ball
2-0: Ball
3-0: Swinging Strike
3-1: Foul Ball, location: 2F
3-2: Strikes out looking
Pitching: LHP John Oliver
Batting: SHB Chris Barrett 0-0: Ball
1-0: Foul Ball, location: 2F
1-1: Called Strike
1-2: Strikes out swinging
Top of the 3rd over - 0 run(s), 1 hit(s), 0 error(s), 2 left on base; Amity Gardens 0 - Palmyra 0
BOTTOM OF THE 3RD
Palmyra Overlords batting - Pitching for Amity Gardens Westerners : RHP James Mantle
Batting: RHB Mason Melton 0-0: Foul Ball, location: 2F
0-1: Swinging Strike
0-2: Ball
1-2: Foul Ball, location: 2F
1-2: Foul Ball, location: 2F
1-2: Foul Ball, location: 2F
1-2: Strikes out swinging
Batting: LHB Mauro López 0-0: Ball
1-0: Fly out, F8 (Line Drive, 8LM)
Batting: RHB David Gómez 0-0: Ground out 6-3 (Groundball, 6)
Bottom of the 3rd over - 0 run(s), 0 hit(s), 0 error(s), 0 left on base; Amity Gardens 0 - Palmyra 0
TOP OF THE 4TH
Amity Gardens Westerners batting - Pitching for Palmyra Overlords : LHP John Oliver
Batting: RHB Justin Tomlinson 0-0: Ball
1-0: Called Strike
1-1: Foul Ball, location: 2F
1-2: Foul Ball, location: 2F
1-2: SINGLE (Line Drive, 3D)
Batting: RHB Luis López 0-0: Ball
1-0: Called Strike
1-1: SINGLE (Groundball, 56D)
Justin Tomlinson to second
Batting: RHB Xavier Silva 0-0: Ball
1-0: Foul Ball, location: 2F
1-1: Ball
2-1: Ball
3-1: Grounds into double play, 6-4-3 (Groundball, 6)
Justin Tomlinson to third
Batting: RHB Tomás Rivera 0-0: Foul Ball, location: 2F
0-1: Ball
1-1: Swinging Strike
1-2: Strikes out swinging, 2-3 out at first.
Top of the 4th over - 0 run(s), 2 hit(s), 0 error(s), 1 left on base; Amity Gardens 0 - Palmyra 0
BOTTOM OF THE 4TH
Palmyra Overlords batting - Pitching for Amity Gardens Westerners : RHP James Mantle
Batting: RHB José Acuña 0-0: Swinging Strike
0-1: Ground out 5-3 (Groundball, 5)
Batting: LHB Jerry Tolbert 0-0: Called Strike
0-1: Foul Ball, location: 2F
0-2: Strikes out swinging
Batting: LHB Ernesto Rivera 0-0: Called Strike
0-1: Fly out, F8 (Flyball, 78M)
Bottom of the 4th over - 0 run(s), 0 hit(s), 0 error(s), 0 left on base; Amity Gardens 0 - Palmyra 0
TOP OF THE 5TH
Amity Gardens Westerners batting - Pitching for Palmyra Overlords : LHP John Oliver
Batting: RHB Jonathon García 0-0: Called Strike
0-1: Ball
1-1: Called Strike
1-2: Ball
2-2: Ball
3-2: Base on Balls
Batting: RHB Carlos Dumenigo 0-0: Ball
1-0: Fly out, F7 (Line Drive, 7)
Batting: RHB Manny Olhoa 0-0: Called Strike
0-1: Ball
1-1: Foul Ball, location: 2F
1-2: Strikes out swinging
Batting: RHB Gustavo Todd 0-0: Ball
1-0: Called Strike
1-1: Swinging Strike
1-2: Strikes out swinging
Top of the 5th over - 0 run(s), 0 hit(s), 0 error(s), 1 left on base; Amity Gardens 0 - Palmyra 0
BOTTOM OF THE 5TH
Palmyra Overlords batting - Pitching for Amity Gardens Westerners : RHP James Mantle
Batting: RHB José Gonzáles 0-0: Ball
1-0: Ball
2-0: Ball
3-0: Base on Balls
Batting: LHB Jaime Flores 0-0: Ball
1-0: Fly out, F9 (Flyball, 9)
Batting: RHB Marius Letizi 0-0: Called Strike
0-1: Called Strike
0-2: Ball
1-2: Foul Ball, location: 2F
1-2: Ball
2-2: Foul Ball, location: 2F
2-2: Ball
3-2: Strikes out swinging
Batting: RHB Mason Melton 0-0: Foul Ball, location: 2F
0-1: Ball
1-1: Foul Ball, location: 2F
1-2: Strikes out looking
Bottom of the 5th over - 0 run(s), 0 hit(s), 0 error(s), 1 left on base; Amity Gardens 0 - Palmyra 0
TOP OF THE 6TH
Amity Gardens Westerners batting - Pitching for Palmyra Overlords : LHP John Oliver
Batting: SHB Chris Barrett 0-0: Ball
1-0: Fly out, F9 (Flyball, 89M)
Batting: RHB Justin Tomlinson 0-0: Called Strike
0-1: Ball
1-1: Called Strike
1-2: Foul Ball, location: 2F
1-2: Ball
2-2: Ball
3-2: Fly out, F9 (Flyball, 9)
Batting: RHB Luis López 0-0: Called Strike
0-1: Foul Ball, location: 2F
0-2: Strikes out swinging
Top of the 6th over - 0 run(s), 0 hit(s), 0 error(s), 0 left on base; Amity Gardens 0 - Palmyra 0
BOTTOM OF THE 6TH
Palmyra Overlords batting - Pitching for Amity Gardens Westerners : RHP James Mantle
Batting: LHB Mauro López 0-0: Foul Ball, location: 2F
0-1: Ground out 6-3 (Groundball, 6M)
Batting: RHB David Gómez 0-0: Ball
1-0: Called Strike
1-1: Fly out, F8 (Flyball, 8RS)
Batting: RHB José Acuña 0-0: Swinging Strike
0-1: Ball
1-1: SINGLE (Line Drive, 9LM)
Pitching: RHP Millard Black
Batting: LHB Jerry Tolbert 0-0: Ball
1-0: Ball
2-0: Called Strike
2-1: Ball
José Acuña is caught stealing 2nd base
Bottom of the 6th over - 0 run(s), 1 hit(s), 0 error(s), 0 left on base; Amity Gardens 0 - Palmyra 0
TOP OF THE 7TH
Amity Gardens Westerners batting - Pitching for Palmyra Overlords : LHP John Oliver
Pitching: RHP Yuan Si-ma
Batting: RHB Xavier Silva 0-0: Ball
1-0: Ball
2-0: Ball
3-0: Called Strike
3-1: Fly out, F7 (Flyball, 7LM)
Pinch Hitting: LHB Jack Mitchell 0-0: Called Strike
0-1: Called Strike
0-2: Ball
1-2: Fly out, F8 (Flyball, 8RS)
Batting: RHB Jonathon García 0-0: Called Strike
0-1: Reached on error, E7 (Flyball, 7)
Pinch Hitting: RHB Pat Johnston 0-0: Ball
1-0: Called Strike
1-1: Called Strike
1-2: Strikes out swinging
Top of the 7th over - 0 run(s), 0 hit(s), 1 error(s), 1 left on base; Amity Gardens 0 - Palmyra 0
BOTTOM OF THE 7TH
Palmyra Overlords batting - Pitching for Amity Gardens Westerners : RHP Millard Black
Now in LF: Jack Mitchell
Now in RF: Eddie Nealon
Batting: LHB Jerry Tolbert 0-0: Called Strike
0-1: Foul Ball, location: 2F
0-2: SOLO HOME RUN (Flyball, 9LD), Distance : 349 ft
Batting: LHB Ernesto Rivera 0-0: Ball
1-0: Called Strike
1-1: Ball
2-1: Ground out U3 (Groundball, 34)
Batting: RHB José Gonzáles 0-0: Ground out 6-3 (Groundball, 6)
Batting: LHB Jaime Flores 0-0: Foul Ball, location: 2F
0-1: Ball
1-1: Foul Ball, location: 2F
1-2: Strikes out swinging
Bottom of the 7th over - 1 run(s), 1 hit(s), 0 error(s), 0 left on base; Amity Gardens 0 - Palmyra 1
TOP OF THE 8TH
Amity Gardens Westerners batting - Pitching for Palmyra Overlords : RHP Yuan Si-ma
Batting: RHB Manny Olhoa 0-0: Ball
1-0: Called Strike
1-1: Foul Ball, location: 2F
1-2: Strikes out swinging
Batting: RHB Gustavo Todd 0-0: Called Strike
0-1: Foul Ball, location: 2F
0-2: Ball
1-2: Strikes out looking
Pitching: RHP Broderick Miller
Batting: SHB Chris Barrett 0-0: Ground out U3 (Groundball, 34)
Top of the 8th over - 0 run(s), 0 hit(s), 0 error(s), 0 left on base; Amity Gardens 0 - Palmyra 1
BOTTOM OF THE 8TH
Palmyra Overlords batting - Pitching for Amity Gardens Westerners : RHP Millard Black
Batting: RHB Marius Letizi 0-0: Foul Ball, location: 2F
0-1: Ball
1-1: Ball
2-1: Ball
3-1: Foul Ball, location: 2F
3-2: Fly out, F7 (Flyball, 78S)
Batting: RHB Mason Melton 0-0: Called Strike
0-1: Ball
1-1: Swinging Strike
1-2: Strikes out swinging
Batting: LHB Mauro López 0-0: Ball
1-0: Ball
2-0: Foul Ball, location: 2F
2-1: Foul Ball, location: 2F
2-2: Ground out 4-3 (Groundball, 4)
Bottom of the 8th over - 0 run(s), 0 hit(s), 0 error(s), 0 left on base; Amity Gardens 0 - Palmyra 1
TOP OF THE 9TH
Amity Gardens Westerners batting - Pitching for Palmyra Overlords : RHP Broderick Miller
Pitching: RHP Sean Vázquez
Batting: RHB Justin Tomlinson 0-0: Swinging Strike
0-1: Foul Ball, location: 2F
0-2: Ball
1-2: Foul Ball, location: 2F
1-2: Ball
2-2: Foul Ball, location: 2F
2-2: Ball
3-2: Base on Balls
Pinch Runner at 1st Mel Wells:
Batting: RHB Luis López 0-0: Ball
1-0: Foul Ball, location: 2F
1-1: Ball
2-1: Ball
3-1: Fly out, F4 (Popup, 3D)
Batting: RHB Xavier Silva 0-0: Ball
1-0: Called Strike
1-1: Called Strike
1-2: Foul Ball, location: 2F
1-2: Foul Ball, location: 2F
1-2: Ball
2-2: Fielders Choice at 2nd, 6-4 (Groundball, 6D)
Batting: LHB Jack Mitchell 0-0: Ball
1-0: Called Strike
1-1: Foul Ball, location: 2F
1-2: Strikes out swinging
Top of the 9th over - 0 run(s), 0 hit(s), 0 error(s), 1 left on base; Amity Gardens 0 - Palmyra 1
Tuesday, August 8th, 2017 - OOTP Baseball 17.12 Build 75